 Dungeon Crawl Stone Soup version 0.26.1-12-g5ba1501909 (webtiles) character file.

Game seed: 14339212060013588119

263 Zeld the Conjurer (level 5, -1/45 HPs)
             Began as a Draconian Conjurer on Oct 27, 2021.
             Slain by a kobold (3 damage)
             ... on level 4 of the Dungeon.
             The game lasted 00:03:42 (4504 turns).

Zeld the Conjurer (Draconian Conjurer)              Turns: 4504, Time: 00:03:42

Health: -1/45      AC:  9    Str: 10    XL:     5   Next: 98%
Magic:  2/9        EV: 12    Int: 19    God:
Gold:   283        SH:  0    Dex:  9    Spells: 2/9 levels left

rFire    . . .     SeeInvis .   (no weapon)
rCold    . . .     Faith    .   (no shield)
rNeg     . . .     Spirit   .   (armour unavailable)
rPois    .         Reflect  .   i - +2 hat
rElec    .         Harm     .   (no cloak)
rCorr    .         Rampage  .   j - +0 pair of gloves
Will     .....                  m - +0 pair of boots
Stlth    ++........             (no amulet)
HPRegen  0.15/turn              (no ring)
MPRegen  0.11/turn              (no ring)

@: no status effects
A: unfitting armour, cold-blooded, AC +5
a: no special abilities


You were on level 4 of the Dungeon.
You visited 1 branch of the dungeon, and saw 4 of its levels.

You collected 283 gold pieces.

Inventory:

Armour
 i - a +2 hat (worn)
 j - a +0 pair of gloves (worn)
 m - a +0 pair of boots (worn)
Jewellery
 f - an uncursed ring of positive energy {unknown}
 u - a cursed -4 ring of dexterity {unknown}
 w - an uncursed ring of magical power {unknown}
 y - an uncursed amulet of the acrobat {unknown}
Wands
 k - a wand of acid (10)
Scrolls
 a - a scroll of teleportation {unknown}
 b - 4 scrolls of identify {unknown}
 e - 3 scrolls of fog {unknown}
 l - a scroll of amnesia {unknown}
 n - 2 scrolls of blinking {unknown}
 p - a scroll of magic mapping {unknown}
 r - a scroll of random uselessness {unknown}
 t - 2 scrolls of remove curse {unknown}
 x - a scroll of immolation {unknown}
 z - a scroll of enchant armour {unknown}
Potions
 c - a potion of ambrosia {unknown}
 d - 2 potions of degeneration {unknown}
 g - 5 potions of curing {unknown}
 h - a potion of might {unknown}
 o - 2 potions of haste {unknown}
 q - a potion of heal wounds {unknown}
 s - a potion of attraction {unknown}
 v - a potion of berserk rage {unknown}


   Skills:
 * Level 3.1 Fighting
 + Level 2.5 Dodging
 + Level 2.8 Stealth
 + Level 2.7 Spellcasting
 * Level 5.0 Conjurations
 + Level 1.1 Hexes


You had 2 spell levels left.
You knew the following spells:

 Your Spells              Type           Power        Failure   Level
a - Magic Dart            Conj           84%          1%          1
b - Searing Ray           Conj           42%          3%          2
c - Fulminant Prism       Conj/Hex       7%           41%         4

Your spell library contained the following spells:

 Spells                   Type           Power        Failure   Level
 Dazzling Flash           Conj/Hex       28%          13%         3
 Iskenderun's Mystic Bla  Conj/Tloc      12%          50%         4


Dungeon Overview and Level Annotations

Branches:
Dungeon (4/15)
 Temple: D:4-7

Altars:
Nemelex Xobeh

Annotations:
D:4 Edmund


Innate Abilities, Weirdness & Mutations

Your plain brown scales are hard. (AC +5)
You cannot fit into any form of body armour.
You are cold-blooded and may be slowed by cold attacks.


Message History

The big kobold throws a throwing net.
The throwing net barely misses you.
The kobold throws a stone.
The stone hits you but does no damage.
Things that are here:
a stone; a throwing net The kobold shouts! x2
You hit Edmund but do no damage. You tail-slap Edmund, but do no damage.
Edmund is severely wounded.
Edmund hits you but does no damage.
The big kobold throws a throwing net.
The throwing net hits you.
You become entangled in the net!
You struggle against the net.
Edmund hits you but does no damage.
You struggle against the net.
The kobold throws a stone.
The stone hits you but does no damage.
You struggle against the net.
Edmund hits you with a +2 flail of protection.
* * * LOW HITPOINT WARNING * * *
You shred the net and break free! The kobold hits you but does no damage.
Edmund barely misses you.
The kobold hits the plant.
The plant begins to die.
The big kobold hits the plant with a cursed -1 dagger.
You completely miss the bush. The kobold hits you.
You die...

###'###.........#
.......########.#
.......# #.#
.......# #.##
.......# #..#
.......# ##.#
.......# #.#
.......# #@#
.......# #@#
.......#


PPKP# ######## PPKKK# ......# ##....K ......# .(..... ......# ♣...§.÷.♣ ......#
♣....§.≈♣ ####+###### ♣P.....#♣ ..##.#..#.## You could see Edmund, a big kobold
and 4 kobolds.

Vanquished Creatures
  An ogre (D:4)
  A hound (D:4)
  6 adders
  A howler monkey skeleton (D:4)
  An ooze (D:1)
  4 worms
  2 dart slugs
  3 leopard geckos (D:3)
  An orc (D:3)
  A ball python (D:3)
  4 giant cockroaches
  8 goblins
  9 hobgoblins
  2 jackals (D:2)
  A quokka (D:3)
  5 bats
  A frilled lizard (D:1)
  A jackal skeleton (D:4)
  9 kobolds
  4 rats
65 creatures vanquished.

Vanquished Creatures (others)
  2 plants (D:4)
2 creatures vanquished.

Grand Total: 67 creatures vanquished

Notes
Turn   | Place    | Note
-------+----------+-------------------------------------------
     0 | D:1      | Zeld the Draconian Conjurer began the quest for the Orb.
     0 | D:1      | Reached XP level 1. HP: 14/14 MP: 3/3
   512 | D:1      | Reached XP level 2. HP: 15/22 MP: 0/5
   623 | D:1      | Learned a level 2 spell: Searing Ray
   721 | D:1      | Reached skill level 1 in Fighting
  1280 | D:1      | Reached XP level 3. HP: 28/28 MP: 1/6
  1954 | D:2      | Found a faded altar of an unknown god.
  2726 | D:3      | Reached XP level 4. HP: 36/36 MP: 5/7
  2762 | D:3      | Learned a level 4 spell: Fulminant Prism
  3616 | D:3      | Found a sparkling altar of Nemelex Xobeh.
  3915 | D:4      | Reached XP level 5. HP: 42/42 MP: 1/8
  4253 | D:4      | Noticed an ogre
  4259 | D:4      | Killed an ogre
  4260 | D:4      | Reached skill level 5 in Conjurations
  4260 | D:4      | Reached skill level 1 in Hexes
  4392 | D:4      | Noticed Edmund
  4502 | D:4      | HP: 2/45 [Edmund/+2 flail of protection (5)]
  4504 | D:4      | Slain by a kobold

Illustrated notes

Levels and vault maps discovered:
D:1:      erik_arrival_triangle_small, layout_loops_corners,
          chequers_serial_rivers_room_a, minmay_hexomino_f4
D:2:      layout_rooms, chequers_ecumenical_altar_simple_redux
D:3:      layout_basic, nemelex_altar_shiori
D:4:      layout_gridville, lexackson_kobold_supper, uniq_edmund

Skill      XL: |  1  2  3  4  5 |
---------------+----------------+-----
Fighting       | 1 2 3 |  3.1
Dodging        | 2 |  2.5
Stealth        | 2 |  2.8
Conjurations   | 5 |  5.0
Hexes          | 1 |  1.1
Spellcasting   | |  2.7

Action                   |  1- 3 |  4- 6 || total
-------------------------+-------+-------++-------
Melee: Unarmed           |    53 |    18 ||    71
       Tailslap          |     1 |     1 ||     2
 Cast: Magic Dart        |    91 |    62 ||   153
       Searing Ray       |       |     7 ||     7
Armor: Skin              |     9 |    17 ||    26
Dodge: Dodged            |    35 |    21 ||    56
